 Dungeon Crawl Stone Soup version 0.28-a0-1613-gdaab1c2f9b (webtiles) character file.

Game seed: 7214127084014408965

31 HallandMoats the Skirmisher (level 3, 29/29 HPs)
             Began as a Demonspawn Fighter on Jan 21, 2022.
             Got out of the dungeon alive.
             The game lasted 00:01:00 (1126 turns).

HallandMoats the Skirmisher (Demonspawn Fighter)    Turns: 1126, Time: 00:01:01

Health: 29/29      AC:  6    Str: 16    XL:     3   Next: 7%
Magic:  3/3        EV:  9    Int:  9    God:
Gold:   34         SH:  4    Dex: 14    Spells: 2/2 levels left

rFire   . . .      SeeInvis .   a - +0 war axe
rCold   . . .      Faith    .   c - +0 buckler
rNeg    . . .      Spirit   .   b - +0 scale mail
rPois   .          Reflect  .   (no helmet)
rElec   .          Harm     .   (no cloak)
rCorr   .          Rampage  .   (no gloves)
Will    .....                   (no boots)
Stlth   ..........              (no amulet)
HPRegen 0.09/turn               (no ring)
MPRegen 0.08/turn               (no ring)

@: no status effects
A: demonic touch 1
a: no special abilities


You escaped.
You visited 1 branch of the dungeon, and saw 1 of its levels.

You collected 34 gold pieces.

Inventory:

Hand Weapons
 a - a +0 war axe (weapon)
Armour
 b - a +0 scale mail (worn)
 c - a +0 buckler (worn)
Scrolls
 f - a scroll of enchant weapon {unknown}
 g - a scroll of holy word {unknown}
 i - a scroll of blinking {unknown}
 j - a scroll of amnesia {unknown}
 k - a scroll of teleportation {unknown}
Potions
 d - 2 potions of might
 e - 2 potions of curing {unknown}
 h - a potion of invisibility {unknown}


   Skills:
 * Level 3.4 Fighting
 * Level 2.3 Axes
 + Level 2.8 Armour
 + Level 0.5 Dodging
 + Level 2.8 Shields


You had 2 spell levels left.
You didn't know any spells.
Your spell library was empty.

Dungeon Overview and Level Annotations

Branches:
Dungeon (1/15)

Altars:

Shops:
D:1 (


Innate Abilities, Weirdness & Mutations

Your touch may inflict minor irresistible damage on your foes.


Message History

There is an open door here.
An endoplasm comes into view.
Found 12 gold pieces.
An endoplasm is nearby!
An endoplasm is nearby!
An endoplasm is nearby!
A bat comes into view.
The bat hits you but does no damage. The endoplasm freezes you.
You are frozen.
You hit the bat.
You kill the bat!
You hit the endoplasm. The endoplasm barely misses you.
The endoplasm hits you but does no damage.
You slash the endoplasm!
You kill the endoplasm!
No target in view!
No target in view!
No target in view!
No target in view!
No target in view!
No target in view!
No target in view!
No target in view!
No target in view!
No target in view!
You now have 34 gold pieces (gained 12).
Done exploring.
Done exploring.
Done exploring.
Done exploring.
Done exploring.
(D) Dungeon
Where to? (? - help)
What level of the Dungeon? (default 1, ? - help)
You see here a +0 helmet.
There is an open door here.
There is a staircase leading out of the dungeon here.
Are you sure you want to leave the Dungeon?
This will make you lose the game!
You have escaped!

....##.#### ..........#
.....#.##.# .....#.##.##
.....#.....# .....####..#
÷..........# ....######[# #####
.##.# #.# #@.≈♣ .##.## #.# #..♣♣
.....# ##.#####≈.≈♣########
.....# #......#≈..♣#......#
..#..####.######♣..≈#.####.#####
..........# #≈≈..'..........#
.###.####.# #♣♣.♣#..#.#..##.#
.###.#....# ♣.P#..#.#..##.#
.....#.##.# ######'##.......##.#


There were no monsters in sight!

Vanquished Creatures
  3 ball pythons (D:1)
  4 endoplasms (D:1)
  2 goblins (D:1)
  2 hobgoblins (D:1)
  4 jackals (D:1)
  A quokka (D:1)
  3 bats (D:1)
  A frilled lizard (D:1)
  4 kobolds (D:1)
  2 rats (D:1)
26 creatures vanquished.

Notes
Turn   | Place    | Note
-------+----------+-------------------------------------------
     0 | D:1      | HallandMoats the Demonspawn Fighter began the quest for the
                  | Orb.
     0 | D:1      | Reached XP level 1. HP: 18/18 MP: 1/1
   192 | D:1      | Discovered your monstrous ancestry.
   192 | D:1      | Gained mutation: Your touch may inflict minor irresistible
                  | damage on your foes. [demonic ancestry]
   192 | D:1      | Reached XP level 2. HP: 16/24 MP: 2/2
   487 | D:1      | Found Raaph's Antique Weapon Shoppe.
   943 | D:1      | Reached XP level 3. HP: 29/29 MP: 3/3
  1126 | D:$      | Got out of the dungeon alive.

Illustrated notes

Levels and vault maps discovered:
D:1:      tarquinn_simple_flora_water_f, layout_loops_cross, serial_shops, shop

Skill      XL: |  1 |
---------------+----+-----
Axes           | 2 |  2.3
Fighting       | |  3.4
Armour         | |  2.8
Dodging        | |  0.5
Shields        | |  2.8

Action                   || total
-------------------------++-------
Melee: War axe           ||    83
Armor: Scale mail        ||    48
Dodge: Dodged            ||    54
Block: Buckler           ||    25

Table legend: (Time is in decaauts)
 A = Elapsed time spent in this place.
 B = Non-inter-level travel time spent in this place.
 C = Inter-level travel time spent in this place.
 D = Time resting spent in this place.
 E = Time spent auto-exploring this place.
 F = Levels seen in this place.
 G = Mean time per level.
                   A        B        C        D        E       F      G
               +--------+--------+--------+--------+--------+-----+--------+
         Total |   1162 |   1109 |     53 |      0 |    917 |   1 | 1162.0 |
       Dungeon |   1162 |   1109 |     53 |      0 |    917 |   1 | 1162.0 |
               +--------+--------+--------+--------+--------+-----+--------+

Top non-repeatable levels by time:
     D:1: 1162 daAuts
